 Dungeon Crawl Stone Soup version 0.23-a0-451-g1044d4c (console) character file.

2726 FoCheiMinh the Cleaver (level 9, -2/66 (67) HPs)
             Began as a Formicid Fighter on Nov 22, 2018.
             Was a Believer of Cheibriados.
             Slain by a two-headed ogre
             ... wielding a +0 giant spiked club
              (9 damage)
             ... on level 8 of the Dungeon.
             The game lasted 00:33:20 (6951 turns).

FoCheiMinh the Cleaver (Formicid Fighter)           Turns: 6951, Time: 00:33:20

HP:   -2/66 (67)    AC: 10    Str: 28    XL:     9   Next: 99%
MP:   7/10          EV:  6    Int: 14    God:    Cheibriados [**....]
Gold: 302           SH: 11    Dex: 14    Spells: 8/8 levels left

rFire    . . .     SeeInvis +   W - +0 battleaxe (curse)
rCold    + . .     Gourm    .   c - +0 shield
rNeg     . . .     Faith    .   N - +0 plate armour
rPois    .         Spirit   .   (helmet unavailable)
rElec    .         Reflect  .   (no cloak)
rCorr    .         Harm     .   s - +0 pair of gloves
MR       .....                  (no boots)
Stlth    ..........             o - amulet of regeneration
HPRegen  0.61/turn              z - ring "Monanol" {*Drain rC+ AC-3 Str+2 Stlth+} (curse)
MPRegen  0.12/turn              P - ring of attention (curse)

@: very slow
A: permanent stasis, dig shafts and tunnels, four strong arms, antennae 3
a: Dig, Shaft Self, Bend Time, Renounce Religion


You were on level 8 of the Dungeon.
You worshipped Cheibriados.
Cheibriados was pleased with you.
You were not hungry.

You visited 1 branch of the dungeon, and saw 8 of its levels.

You collected 515 gold pieces.
You spent 213 gold pieces at shops.

Inventory:

Hand Weapons
 a - a +0 war axe
 B - a +3 mace
 M - a +0 glaive
 S - a +0 war axe
 U - a +0 trident
 W - a cursed +0 battleaxe (weapon)
Missiles
 e - 330 stones (quivered)
 g - a throwing net
 h - 34 poisoned needles
 n - 54 arrows
 w - 13 curare-tipped needles
 O - 9 tomahawks
Armour
 c - a +0 shield (worn)
 s - a +0 pair of gloves (worn)
 H - the +4 leather armour "Bizuec" {*Corrode MR+ Int+5, unknown}
   (You found it on level 6 of the Dungeon)

   It affects your intelligence (+5).
   It affects your resistance to hostile enchantments.
   It may corrode you when you take damage.
 N - a +0 plate armour (worn)
Magical Staves
 J - an uncursed staff of cold
Jewellery
 b - a +3 ring of evasion {unknown}
 o - an amulet of regeneration (around neck)
 z - the cursed ring "Monanol" (left hand) {*Drain rC+ AC-3 Str+2 Stlth+}
   (You found it on level 4 of the Dungeon)

   [ring of protection]

   It affects your AC (-3).
   It affects your strength (+2).
   It protects you from cold.
   It causes draining when unequipped.
   It makes you more stealthy.
   It has a curse placed upon it.
 F - an uncursed ring of resist corrosion
 P - a cursed ring of attention (right hand)
Wands
 t - a wand of clouds (3)
 v - a wand of enslavement (8)
 E - a wand of iceblast (4)
 L - a wand of flame (20)
Scrolls
 i - 3 scrolls of remove curse {unknown}
 j - 8 scrolls of identify {unknown}
 k - 2 scrolls of amnesia {unknown}
 l - 8 scrolls of teleportation {unknown}
 p - 3 scrolls of enchant armour {unknown}
 q - 2 scrolls of immolation {unknown}
 x - 2 scrolls of fog {unknown}
 A - 2 scrolls of magic mapping {unknown}
 C - a scroll of blinking {unknown}
 D - 3 scrolls of enchant weapon {unknown}
 I - a scroll of random uselessness {unknown}
 R - a scroll of holy word {unknown}
 Z - a scroll of fear {unknown}
Potions
 d - a potion of might
 m - a potion of degeneration {unknown}
 r - 2 potions of invisibility
 u - a potion of lignification
 G - a potion of agility
 K - a potion of curing {unknown}
 Q - 2 potions of cancellation {unknown}
 V - a potion of flight {unknown}
 X - a potion of berserk rage {unknown}
 Y - a potion of haste {unknown}
Comestibles
 f - 11 rations


   Skills:
 + Level 4.9 Fighting
 * Level 11.1 Axes
 + Level 5.3 Armour
 + Level 1.0 Dodging
 + Level 5.4 Shields
 * Level 2.5 Invocations


You had 8 spell levels left.
You didn't know any spells.
Your spell library was empty.

Dungeon Overview and Level Annotations

Branches:
Dungeon (8/15)             Temple (0/1) D:7
   Lair: D:8-11

Altars:
Cheibriados
Fedhas
Gozag
Kikubaaqudgha
Okawaru
Qazlal
Sif Muna
Trog
Yredelemnul
Zin

Shops:
D:7 *

Annotations:
D:1 Troll
D:4 Fire vault


Innate Abilities, Weirdness & Mutations

You cannot be hasted, slowed, berserked, paralysed or teleported.
You can dig through walls and to a lower floor.
Your four strong arms can wield two-handed weapons with a shield.
You have a pair of large antennae on your head. (SInv)


Message History

The flow of time bends around you.
The two-headed ogre resists with some effort.
You feel slightly more hungry.
You hit the two-headed ogre.
The two-headed ogre is moderately wounded.
The two-headed ogre hits you but does no damage.
The two-headed ogre hits you with a +0 giant club!
You hit the two-headed ogre.
The two-headed ogre is moderately wounded.
The two-headed ogre hits you with a +0 giant spiked club!
The two-headed ogre closely misses you.
You closely miss the two-headed ogre.
The two-headed ogre is moderately wounded.
The two-headed ogre hits you with a +0 giant spiked club!!
* * * LOW HITPOINT WARNING * * *
The two-headed ogre hits you but does no damage.
You hit the two-headed ogre.
The two-headed ogre is heavily wounded.
The two-headed ogre hits you with a +0 giant spiked club!
You die...

...
...........###.#.#..###
...
....###...............##
#...
.....###........##.....#
....
................##......#
....
..####.............>..###
.... #...............###
.... ......##......##..##
...# .....##..###.#####
...# .........O@# ..#
###. .................. .
..................
...............#[
##............#
#.............#
..............#
.............## ..


You could see a two-headed ogre.

Vanquished Creatures
  Grinder (D:3)
  A wraith (D:7)
  A water moccasin (D:5)
  2 orc warriors (D:7)
  A necrophage (D:7)
  A phantom (D:7)
  An ice beast (D:6)
  5 ogres
  A bullfrog (D:7)
  A scorpion (D:8)
  A jelly (D:7)
  3 wights (D:7)
  2 howler monkeys (D:7)
  A bullfrog zombie (D:5)
  2 crimson imps
  A quasit (D:7)
  A centaur skeleton (D:5)
  4 human zombies (D:7)
  2 orc priests
  9 orc wizards
  Natasha (twice) (D:2)
  2 iguanas (D:4)
  A human skeleton (D:7)
  2 worker ants
  An ogre skeleton (D:7)
  2 hound zombies
  A howler monkey zombie (D:5)
  2 gnolls (D:6)
  6 adders
  An ooze (D:1)
  An adder skeleton (D:5)
  An adder zombie (D:5)
  2 worms
  3 leopard geckos
  31 orcs
  2 bats (D:2)
  7 giant cockroaches
  7 goblins
  4 hobgoblins
  15 jackals
  3 quokkas
  2 ball pythons (D:3)
  6 frilled lizards
  A jackal zombie (D:5)
  9 kobolds
  An orc zombie (D:7)
  5 rats
161 creatures vanquished.

Vanquished Creatures (others)
  An orc wizard (D:4)
  2 orcs (D:4)
  A leopard gecko skeleton (D:4)
4 creatures vanquished.

Grand Total: 165 creatures vanquished

Notes
Turn   | Place    | Note
-------+----------+-------------------------------------------
     0 | D:1      | FoCheiMinh the Formicid Fighter began the quest for the
                  | Orb.
     0 | D:1      | Reached XP level 1. HP: 18/18 MP: 1/1
   190 | D:1      | Reached XP level 2. HP: 24/24 MP: 2/2
   410 | D:1      | Reached skill level 3 in Axes
   436 | D:1      | Reached XP level 3. HP: 29/29 MP: 3/3
   837 | D:1      | Noticed a troll
  1066 | D:2      | Noticed Natasha
  1088 | D:2      | Killed Natasha
  1088 | D:2      | Reached skill level 4 in Axes
  1088 | D:2      | Reached XP level 4. HP: 20/35 MP: 4/4
  1122 | D:2      | Noticed Natasha
  1144 | D:2      | Killed Natasha
  1283 | D:2      | Reached XP level 5. HP: 41/41 MP: 5/5
  1541 | D:3      | Noticed Grinder
  1568 | D:3      | Killed Grinder
  1568 | D:3      | Reached skill level 6 in Axes
  1568 | D:3      | Reached XP level 6. HP: 30/47 MP: 6/6
  1731 | D:3      | Found an ancient bone altar of Kikubaaqudgha.
  2186 | D:4      | Noticed an ogre
  2265 | D:4      | Found a deep blue altar of Sif Muna.
  2266 | D:4      | Found an opulent altar of Gozag.
  2344 | D:4      | Noticed an ogre
  2426 | D:4      | Reached skill level 7 in Axes
  2426 | D:4      | Reached XP level 7. HP: 42/52 MP: 7/7
  2610 | D:4      | Found a stormy altar of Qazlal.
  2865 | D:4      | Got a vibrating pewter ring
  2866 | D:4      | Identified the cursed ring "Monanol" {*Drain rC+ AC-3 Str+2
                  | Stlth+} (You found it on level 4 of the Dungeon)
  3003 | D:4      | Found a blossoming altar of Fedhas.
  3342 | D:4      | Reached skill level 8 in Axes
  3389 | D:5      | Entered Level 5 of the Dungeon
  3418 | D:5      | Found a glowing silver altar of Zin.
  3430 | D:5      | Reached XP level 8. HP: 60/60 MP: 8/8
  3584 | D:5      | HP: 4/90 [poisoned by a water moccasin]
  4307 | D:6      | Reached skill level 9 in Axes
  4353 | D:6      | Got a pitted leather armour
  4713 | D:6      | Found a bloodstained altar of Trog.
  4880 | D:6      | Found a snail-covered altar of Cheibriados.
  4884 | D:6      | Became a worshipper of Cheibriados the Contemplative
  4921 | D:6      | Found an iron altar of Okawaru.
  5164 | D:7      | Reached XP level 9. HP: 61/65 MP: 9/9
  5440 | D:7      | Reached skill level 10 in Axes
  5494 | D:7      | Reached skill level 1 in Dodging
  5543 | D:7      | Found Cauxadag's Assorted Antiques.
  5548 | D:7      | Bought a scroll labeled NISUEM XUPE for 24 gold pieces
  5548 | D:7      | Bought a notched granite ring for 120 gold pieces
  5548 | D:7      | Bought a fizzy puce potion for 21 gold pieces
  5548 | D:7      | Bought a scroll labeled RIUCKOTE HACUT for 24 gold pieces
  5548 | D:7      | Bought a scroll labeled DOECOL TUBLOGG for 24 gold pieces
  5579 | D:7      | Reached skill level 5 in Armour
  5683 | D:7      | Found a staircase to the Ecumenical Temple.
  5697 | D:7      | Reached skill level 5 in Shields
  5769 | D:7      | Reached * piety under Cheibriados
  5866 | D:7      | Reached skill level 1 in Invocations
  6318 | D:7      | Found a basalt altar of Yredelemnul.
  6599 | D:8      | Noticed a two-headed ogre
  6704 | D:8      | Reached ** piety under Cheibriados
  6704 | D:8      | Reached skill level 11 in Axes
  6951 | D:8      | Slain by a two-headed ogre

Vault maps used:
D:1:      erik_arrival_cave_to_civilisation, minmay_misc_feat_plants
D:2:      first_ration, minmay_misc_feat_columns, skrybe_limestone_x,
          uniq_natasha
D:3:      kiku_gazebo_pond_becter, uniq_grinder
D:4:      fedhas_altar_1, chequers_temple_overflow_statue_of_worship,
          grunt_qazlal_clouds, lemuel_flame_loot_1
D:5:      kennysheep_mini_moat
D:6:      okawaru_altar_gauntlet_db, marbit_many_paths, bloody_trog
D:7:      lemuel_mausoleum_altar_yredelemnul, minmay_temple_entry_poolview,
          serial_shops, shop, kennysheep_nub, grunt_ministairs_15
D:8:      lemuel_doored_altar

Skill      XL: |  1  2  3  4  5  6  7  8  9 |
---------------+----------------------------+-----
Axes           | 3 4 6 7 8 9 11 | 11.1
Shields        | 4 5 |  5.4
Armour         | 4 5 |  5.3
Fighting       | 4 |  4.9
Dodging        | 1 |  1.0
Invocations    | 2 |  2.5

Action                   |  1- 3 |  4- 6 |  7- 9 || total
-------------------------+-------+-------+-------++-------
Melee: War axe           |   104 |   100 |   407 ||   611
       Battleaxe         |       |       |    41 ||    41
Throw: Stone             |       |       |     1 ||     1
Invok: Bend Time         |       |       |     1 ||     1
 Abil: Dig               |     5 |     5 |    15 ||    25
  Use: Potion            |       |       |     4 ||     4
  Eat: Chunk             |     1 |     5 |    16 ||    22
Armor: Scale mail        |    46 |    16 |     3 ||    65
       Chain mail        |       |       |    51 ||    51
       Skin              |       |       |     3 ||     3
       Plate armour      |       |       |    75 ||    75
Dodge: Dodged            |    40 |    20 |    64 ||   124
Block: Shield            |    67 |    47 |   164 ||   278

Table legend:
 A = Non-vault XP
 B = Vault XP
 C = Vault XP percentage of total XP
 D = Non-vault monster count
 E = Vault monster count
 F = Vault count percentage of total count
                 A         B        C        D         E       F
            +---------+---------+-------+---------+---------+-------
      Total |    2625 |    1270 |  32.6 |     135 |      26 |  16.1
            +---------+---------+-------+---------+---------+-------
        D:1 |      41 |       2 |   4.7 |      22 |       1 |   4.3
        D:2 |      61 |      37 |  37.8 |      15 |       1 |   6.2
        D:3 |      42 |     281 |  87.0 |      16 |       1 |   5.9
        D:4 |     542 |       0 |   0.0 |      23 |       0 |   0.0
        D:5 |     583 |       0 |   0.0 |      15 |       0 |   0.0
        D:6 |     221 |     157 |  41.5 |      12 |       7 |  36.8
        D:7 |     908 |     793 |  46.6 |      23 |      16 |  41.0
        D:8 |     227 |       0 |   0.0 |       9 |       0 |   0.0
            +---------+---------+-------+---------+---------+-------
